 Dungeon Crawl Stone Soup version 0.29.0-11-gd7f09526c8 (webtiles) character file.

Game seed: 11568607026670173118

5 xian the Sneak (level 1, -2/15 HPs)
             Began as a Kobold Delver on Sept 3, 2022.
             Slain by a killer bee (3 damage)
             ... on level 5 of the Dungeon.
             The game lasted 00:00:59 (45 turns).

xian the Sneak (Kobold Delver)                        Turns: 45, Time: 00:01:02

Health: -2/15      AC:  3    Str:  9    XL:     1   Next: 88%
Magic:  1/1        EV: 14    Int: 11    God:
Gold:   10         SH:  0    Dex: 16    Spells: 0/0 levels left

rFire   . . .      SeeInvis .   a - +0 short sword
rCold   . . .      Faith    .   (no shield)
rNeg    . . .      Spirit   .   b - +0 leather armour
rPois   .          Reflect  .   (no helmet)
rElec   .          Harm     .   (no cloak)
rCorr   .          Rampage  .   (no gloves)
Will    .....                   (no boots)
Stlth   ++++......              (no amulet)
HPRegen 0.05/turn               (no ring)
MPRegen 0.07/turn               (no ring)

@: lethally poisoned (-2 -> -9), hasted, very quick
A: small, no large weapons, nightstalker 3
a: no special abilities


You were on level 5 of the Dungeon.
You visited 1 branch of the dungeon, and saw 1 of its levels.

You collected 10 gold pieces.

Inventory:

Hand Weapons
 a - a +0 short sword (weapon)
Armour
 b - a +0 leather armour (worn)
Wands
 g - a wand of digging (3)


   Skills:
 + Level 3.7 Fighting
 + Level 2.6 Short Blades
 + Level 2.4 Dodging
 + Level 6.6 Stealth


You couldn't memorise any spells.
You didn't know any spells.
Your spell library was empty.

Dungeon Overview and Level Annotations

Branches:
Dungeon (5/15)             Temple (0/1) D:5

Altars:


Innate Abilities, Weirdness & Mutations

You are small and have problems with some larger weapons.
You are completely attuned to the shadows.


Message History

The ufetubus closely misses you.
You hit the ufetubus.
The ufetubus is heavily wounded.
The ufetubus barely misses you. x2
The ufetubus hits you but does no damage.
The ufetubus closely misses you.
You hit the ufetubus.
You kill the ufetubus!
Found 7 gold pieces.
A killer bee comes into view.
A killer bee comes into view.
Found a leather armour.
You see here 10 gold pieces.
You now have 10 gold pieces.
The killer bee buzzes angrily. x2; You hear an angry buzzing noise. x2
You hear a shout!
A killer bee comes into view.
You hear an angry buzzing noise.
Why would you want to do that? The killer bee stings you.
A killer bee comes into view.
The killer bee stings you but does no damage.
As you read the scroll of fog, it crumbles to dust.
The scroll dissolves into smoke.
The killer bee closely misses you.
The killer bee completely misses you. x2; The killer bee barely misses you.
As you read the scroll of magic mapping, it crumbles to dust.
You feel aware of your surroundings.
You sensed 1 altar, and 1 shop/portal.
The killer bee closely misses you. The killer bee stings you.
The killer bee closely misses you. The killer bee stings you.
* * * LOW HITPOINT WARNING * * *
You are lethally poisoned!
The killer bee poisons you!
You feel yourself speed up.
* * * LOW HITPOINT WARNING * * *
You feel very sick. The killer bee barely misses you.
The killer bee stings you but does no damage.
The killer bee misses you. The killer bee closely misses you.
The killer bee stings you.
You die...

*,,,*,*,* *,*,,,*,,,,, ***<**,*,*
*,*,*,*,*,*, * *,,,,,,,,*******
*,***,*,*,*, * *,*,,,,***,,,,,*
*,,,,,*,,,*, *
*,******##.....####********** *
*,*,,,,,..$........,,,,,,,,,, *
*,*,***##.§§#§#...#.,,*,,,,,, *
*,*,**#...§§§y§.≈...~,,,,****
*****,*,*,.§#.§§@y§...#.,,,~,,,**
,,,,,,*,*,≈§..§§yy§.≈...~,,,,,,,,
*******,,,.§..§§#§#.....,,*,*,***
*,,*.#.#.......#.#,,,,,,,**
*******,,,.....≈...≈....,~,,,~,**
,,,,,,***##.≈....#...[≈.,,,*,,,,,
,,,,,,* *#.....≈...§....,~,,,~,,*
,,,,,,***..#.#.....,,*,*,,,,,,,,,
,,,,,,,,#......§#.#.,,,,,,*,*,,,,


You could see 4 killer bees.

Vanquished Creatures
  An ufetubus (D:5)
1 creature vanquished.

Notes
Turn   | Place    | Note
-------+----------+-------------------------------------------
     0 | D:5      | xian the Kobold Delver began the quest for the Orb.
     0 | D:5      | Reached XP level 1. HP: 14/14 MP: 1/1
    10 | D:5      | Noticed an ice beast
    34 | D:5      | Noticed a killer bee
    35 | D:5      | Noticed a killer bee
    40 | D:5      | Noticed a killer bee
    41 | D:5      | Noticed a killer bee
    45 | D:5      | Slain by a killer bee

Illustrated notes

Levels and vault maps discovered:
D:5:      layout_basic, nzn_hepliaklqana_mist_gate, minmay_temple_entry_grid,
          nicolae_kite_square_tiling_tiny

Action                   || total
-------------------------++-------
Melee: Short sword       ||     5
  Use: Scroll            ||     3
       Potion            ||     1
Armor: Leather armour    ||     3
Dodge: Dodged            ||    24
